[ PARTIDA AOE2 · #493902359 ]
UnrankedEtíopes vs Italians
Equipo del jugador · DERR
Equipo rival · VICT
[ ANÁLISIS DE REPETICIÓN · EXTRAÍDO DE LA PARTIDA GRABADA ]
Feudal
9:40
Castillos
22:16
Imperial
41:46
| APM promedio | 53.4 |
| APM pico | 102 |
| eAPM promedio | 24.0 |
| Aldeanos / militares | 156 / 204 |
Foco
⚔️ 39.9% · 🌾 60.1%
Archer ×138 · Skirmisher ×35 · Scout Cavalry ×9 · Knight ×7 · Militia ×7 · Trebuchet (Packed) ×4
Feudal
10:55
Castillos
21:32
Imperial
41:51
| APM promedio | 43.1 |
| APM pico | 102 |
| eAPM promedio | 22.6 |
| Aldeanos / militares | 141 / 251 |
Foco
⚔️ 41.5% · 🌾 58.5%
Skirmisher ×97 · Scout Cavalry ×65 · Genoese Crossbowman ×58 · Bombard Cannon ×16 · Archer ×10 · Trebuchet (Packed) ×4
Mapa de la partida
Recursos iniciales + cada clic de construcción. Líneas = muros · curvas = relieve. ◆ oro · ⬟ piedra · ● bayas · ✦ reliquia · ◌ hueco del cierre
Tu base· ✓ Cerrada en 22:16 · 23t muro · 1 puerta(s)
Base de Halola· Abierta — el rival se encerró
Terreno inicial suavizado · ◌ = hueco del cierre detectado · pasá el cursor para detalles
Inputs por minuto
— CTM | Crawly94 - - Halola
Build order — CTM | Crawly94
Primeras 150 de 533 acciones detectadas
| 0:00 | Crear | Villager (Male) |
| 0:01 | Crear | Villager (Male) |
| 0:02 | Construir | House |
| 0:04 | Construir | House |
| 0:04 | Crear | Villager (Male) |
| 0:04 | Crear | Villager (Male) |
| 1:23 | Crear | Villager (Male) |
| 1:48 | Construir | Lumber Camp |
| 2:02 | Crear | Villager (Male) |
| 2:02 | Crear | Villager (Male) |
| 2:53 | Crear | Villager (Male) |
| 3:12 | Crear | Villager (Male) |
| 3:30 | Construir | House |
| 3:32 | Construir | House |
| 3:42 | Crear | Villager (Male) |
| 4:15 | Crear | Villager (Male) |
| 4:15 | Crear | Villager (Male) |
| 5:02 | Crear | Villager (Male) |
| 5:03 | Crear | Villager (Male) |
| 5:03 | Crear | Villager (Male) |
| 5:19 | Construir | Barracks |
| 5:38 | Crear | Villager (Male) |
| 5:45 | Investigar | Loom |
| 6:21 | Construir | House |
| 6:29 | Crear | Villager (Male) |
| 7:09 | Construir | Mining Camp |
| 7:10 | Crear | Villager (Male) |
| 7:15 | Crear | Militia |
| 7:15 | Crear | Militia |
| 7:15 | Crear | Militia |
| 7:30 | Investigar | Feudal Age |
| 7:59 | Crear | Militia |
| 7:59 | Crear | Militia |
| 8:18 | Crear | Militia |
| 8:38 | Crear | Militia |
| 8:50 | Construir | Mill |
| 9:40 | Edad | Edad Feudal |
| 9:40 | Investigar | Man-at-Arms (upgrade) |
| 9:50 | Construir | Archery Range |
| 9:53 | Construir | Farm |
| 9:54 | Crear | Villager (Male) |
| 9:55 | Crear | Villager (Male) |
| 10:52 | Crear | Villager (Male) |
| 10:53 | Crear | Villager (Male) |
| 10:57 | Crear | Archer |
| 10:58 | Crear | Archer |
| 11:04 | Construir | House |
| 11:05 | Construir | House |
| 11:17 | Construir | Palisade Wall |
| 11:31 | Construir | Palisade Wall |
| 11:34 | Construir | House |
| 11:37 | Construir | Palisade Wall |
| 11:40 | Investigar | Double-Bit Axe |
| 12:10 | Crear | Villager (Male) |
| 12:49 | Construir | House |
| 12:52 | Crear | Archer |
| 12:52 | Crear | Archer |
| 12:53 | Crear | Archer |
| 12:57 | Crear | Villager (Male) |
| 13:04 | Crear | Villager (Male) |
| 13:26 | Construir | Blacksmith |
| 13:33 | Crear | Villager (Male) |
| 13:45 | Construir | Palisade Wall |
| 13:57 | Crear | Archer |
| 13:57 | Crear | Archer |
| 14:11 | Investigar | Fletching |
| 14:18 | Crear | Villager (Male) |
| 14:18 | Crear | Villager (Male) |
| 14:41 | Construir | Palisade Gate |
| 14:45 | Crear | Villager (Male) |
| 14:47 | Crear | Archer |
| 14:47 | Crear | Archer |
| 15:06 | Construir | Farm |
| 15:06 | Construir | Farm |
| 15:07 | Construir | Farm |
| 15:07 | Construir | Farm |
| 15:07 | Construir | Farm |
| 15:40 | Crear | Villager (Male) |
| 15:41 | Crear | Archer |
| 15:42 | Crear | Archer |
| 16:07 | Construir | Farm |
| 16:07 | Construir | Farm |
| 16:07 | Construir | Farm |
| 16:08 | Construir | Farm |
| 16:08 | Construir | Farm |
| 16:08 | Construir | Farm |
| 16:08 | Construir | Farm |
| 16:12 | Crear | Villager (Male) |
| 16:12 | Crear | Villager (Male) |
| 16:34 | Crear | Villager (Male) |
| 16:55 | Construir | Market |
| 17:00 | Crear | Villager (Male) |
| 17:25 | Construir | Lumber Camp |
| 17:34 | Crear | Archer |
| 17:48 | Construir | House |
| 17:52 | Crear | Villager (Male) |
| 17:52 | Crear | Villager (Male) |
| 18:10 | Construir | House |
| 18:11 | Construir | House |
| 18:16 | Crear | Villager (Male) |
| 18:33 | Investigar | Padded Archer Armor |
| 18:36 | Construir | Farm |
| 18:38 | Construir | Farm |
| 18:43 | Construir | Farm |
| 18:43 | Construir | Farm |
| 19:36 | Investigar | Castle Age |
| 19:36 | Investigar | Castle Age |
| 20:23 | Crear | Villager (Male) |
| 20:38 | Crear | Villager (Male) |
| 20:39 | Crear | Villager (Male) |
| 20:44 | Construir | Archery Range |
| 20:50 | Crear | Archer |
| 20:50 | Crear | Archer |
| 21:48 | Investigar | Gold Mining |
| 21:51 | Crear | Archer |
| 21:52 | Crear | Archer |
| 21:52 | Crear | Archer |
| 21:58 | Construir | House |
| 22:00 | Construir | House |
| 22:01 | Construir | House |
| 22:16 | Edad | Edad de los Castillos |
| 22:18 | Construir | Town Center |
| 22:21 | Crear | Villager (Male) |
| 22:23 | Investigar | Crossbowman (upgrade) |
| 22:29 | Investigar | Bodkin Arrow |
| 22:34 | Crear | Archer |
| 22:34 | Crear | Archer |
| 22:40 | Crear | Archer |
| 22:42 | Crear | Villager (Male) |
| 22:46 | Construir | Farm |
| 22:46 | Construir | Farm |
| 22:48 | Construir | Farm |
| 22:50 | Crear | Villager (Male) |
| 23:03 | Crear | Villager (Male) |
| 23:07 | Construir | Lumber Camp |
| 23:26 | Investigar | Town Watch |
| 23:26 | Investigar | Town Watch |
| 23:54 | Crear | Villager (Male) |
| 23:54 | Crear | Villager (Male) |
| 23:55 | Crear | Villager (Male) |
| 24:05 | Construir | Farm |
| 24:05 | Construir | Farm |
| 24:23 | Construir | Stable |
| 24:25 | Construir | Stable |
| 24:28 | Crear | Villager (Male) |
| 24:32 | Construir | Farm |
| 24:32 | Construir | Farm |
| 24:37 | Crear | Villager (Male) |
| 24:39 | Construir | Farm |
| 24:42 | Crear | Villager (Male) |
Build order — Halola
Primeras 150 de 628 acciones detectadas
| 0:02 | Construir | House |
| 0:03 | Construir | House |
| 0:04 | Crear | Villager (Male) |
| 0:05 | Crear | Villager (Male) |
| 0:05 | Crear | Villager (Male) |
| 0:05 | Crear | Villager (Male) |
| 1:34 | Crear | Villager (Male) |
| 1:48 | Construir | Lumber Camp |
| 1:50 | Construir | House |
| 1:53 | Construir | Palisade Wall |
| 2:14 | Crear | Villager (Male) |
| 2:40 | Crear | Villager (Male) |
| 3:06 | Crear | Villager (Male) |
| 3:26 | Crear | Villager (Male) |
| 3:26 | Crear | Villager (Male) |
| 3:44 | Crear | Villager (Male) |
| 3:45 | Crear | Villager (Male) |
| 4:18 | Crear | Villager (Male) |
| 4:18 | Crear | Villager (Male) |
| 4:54 | Crear | Villager (Male) |
| 4:54 | Crear | Villager (Male) |
| 5:14 | Construir | House |
| 5:20 | Crear | Villager (Male) |
| 5:21 | Crear | Villager (Male) |
| 5:21 | Crear | Villager (Male) |
| 5:30 | Construir | Mill |
| 5:35 | Crear | Villager (Male) |
| 5:36 | Crear | Villager (Male) |
| 6:13 | Crear | Villager (Male) |
| 6:29 | Crear | Villager (Male) |
| 7:06 | Crear | Villager (Male) |
| 7:28 | Crear | Villager (Male) |
| 7:58 | Construir | Barracks |
| 8:06 | Construir | Palisade Wall |
| 8:14 | Investigar | Feudal Age |
| 8:18 | Investigar | Loom |
| 8:23 | Investigar | Feudal Age |
| 9:17 | Crear | Villager (Male) |
| 9:24 | Construir | Palisade Wall |
| 9:33 | Construir | House |
| 10:25 | Construir | House |
| 10:36 | Construir | House |
| 10:39 | Construir | House |
| 10:45 | Construir | House |
| 10:53 | Crear | Villager (Male) |
| 10:55 | Edad | Edad Feudal |
| 10:59 | Investigar | Double-Bit Axe |
| 11:03 | Construir | Archery Range |
| 11:24 | Crear | Villager (Male) |
| 11:28 | Crear | Villager (Male) |
| 11:34 | Crear | Archer |
| 11:37 | Construir | Mining Camp |
| 11:58 | Construir | Farm |
| 11:59 | Construir | Farm |
| 12:15 | Construir | Farm |
| 12:26 | Crear | Skirmisher |
| 12:34 | Crear | Villager (Male) |
| 12:36 | Crear | Villager (Male) |
| 12:50 | Construir | Farm |
| 12:55 | Crear | Archer |
| 13:04 | Crear | Archer |
| 13:12 | Construir | Blacksmith |
| 13:20 | Crear | Villager (Male) |
| 13:22 | Investigar | Horse Collar |
| 13:28 | Crear | Villager (Male) |
| 13:28 | Crear | Villager (Male) |
| 13:28 | Crear | Villager (Male) |
| 13:44 | Crear | Archer |
| 13:52 | Investigar | Fletching |
| 14:04 | Construir | Farm |
| 14:08 | Construir | Farm |
| 14:10 | Crear | Archer |
| 14:26 | Crear | Villager (Male) |
| 14:28 | Construir | Farm |
| 14:33 | Construir | Farm |
| 14:35 | Construir | Farm |
| 14:43 | Investigar | Wheelbarrow |
| 14:44 | Investigar | Wheelbarrow |
| 14:52 | Crear | Archer |
| 15:01 | Construir | Farm |
| 15:04 | Crear | Villager (Male) |
| 15:19 | Crear | Skirmisher |
| 15:36 | Crear | Archer |
| 15:42 | Crear | Skirmisher |
| 15:54 | Crear | Villager (Male) |
| 16:00 | Investigar | Padded Archer Armor |
| 16:00 | Investigar | Padded Archer Armor |
| 16:00 | Investigar | Padded Archer Armor |
| 16:08 | Construir | Farm |
| 16:10 | Construir | Farm |
| 16:12 | Crear | Villager (Male) |
| 16:20 | Construir | Palisade Wall |
| 16:39 | Crear | Villager (Male) |
| 16:40 | Construir | Farm |
| 16:49 | Construir | Farm |
| 16:59 | Crear | Villager (Male) |
| 17:11 | Construir | Farm |
| 17:39 | Construir | Market |
| 17:45 | Crear | Villager (Male) |
| 18:01 | Construir | Farm |
| 18:08 | Construir | House |
| 18:52 | Investigar | Castle Age |
| 18:56 | Crear | Archer |
| 18:56 | Crear | Archer |
| 19:04 | Crear | Skirmisher |
| 19:05 | Crear | Skirmisher |
| 19:39 | Crear | Skirmisher |
| 20:14 | Crear | Skirmisher |
| 20:41 | Investigar | Gold Mining |
| 20:41 | Investigar | Stone Mining |
| 20:48 | Crear | Skirmisher |
| 21:09 | Construir | House |
| 21:12 | Construir | House |
| 21:19 | Crear | Skirmisher |
| 21:32 | Edad | Edad de los Castillos |
| 21:36 | Investigar | Elite Skirmisher (upgrade) |
| 21:42 | Investigar | Bodkin Arrow |
| 21:43 | Investigar | Bodkin Arrow |
| 21:52 | Crear | Villager (Male) |
| 21:54 | Crear | Villager (Male) |
| 21:56 | Investigar | Bow Saw |
| 22:10 | Investigar | Elite Skirmisher (upgrade) |
| 22:38 | Investigar | Leather Archer Armor |
| 22:39 | Investigar | Leather Archer Armor |
| 22:40 | Crear | Villager (Male) |
| 22:45 | Construir | University |
| 23:02 | Investigar | Stone Shaft Mining |
| 23:04 | Crear | Villager (Male) |
| 23:57 | Crear | Skirmisher |
| 23:58 | Crear | Skirmisher |
| 24:02 | Crear | Villager (Male) |
| 24:02 | Crear | Villager (Male) |
| 24:09 | Construir | Castle |
| 24:10 | Crear | Villager (Male) |
| 24:23 | Crear | Villager (Male) |
| 24:38 | Crear | Skirmisher |
| 24:44 | Investigar | Ballistics |
| 24:58 | Crear | Skirmisher |
| 25:36 | Construir | Town Center |
| 25:38 | Crear | Villager (Male) |
| 25:44 | Crear | Skirmisher |
| 26:00 | Crear | Villager (Male) |
| 26:01 | Crear | Skirmisher |
| 26:05 | Crear | Genoese Crossbowman |
| 26:06 | Crear | Genoese Crossbowman |
| 26:28 | Construir | Siege Workshop |
| 27:11 | Crear | Villager (Male) |
| 27:11 | Crear | Villager (Male) |
| 27:18 | Crear | Genoese Crossbowman |
| 27:18 | Crear | Genoese Crossbowman |
Cronología de la partida
| 1:53 | Halola · wall_segment Palisade Wall x5 |
| 5:19 | CTM | Crawly94 · first_building Barracks |
| 7:58 | Halola · first_building Barracks |
| 8:06 | Halola · wall_segment Palisade Wall x4 |
| 9:24 | Halola · wall_segment Palisade Wall x16 |
| 9:40 | CTM | Crawly94 · age_up feudal |
| 9:50 | CTM | Crawly94 · first_building Archery Range |
| 10:55 | Halola · age_up feudal |
| 11:03 | Halola · first_building Archery Range |
| 11:17 | CTM | Crawly94 · wall_segment Palisade Wall x14 |
| 11:31 | CTM | Crawly94 · wall_segment Palisade Wall x7 |
| 11:37 | CTM | Crawly94 · wall_segment Palisade Wall x1 |
| 13:45 | CTM | Crawly94 · wall_segment Palisade Wall x1 |
| 16:20 | Halola · wall_segment Palisade Wall x3 |
| 18:50 | Halola · first_market_buy 100 food |
| 19:34 | CTM | Crawly94 · first_market_buy 100 food |
| 19:35 | CTM | Crawly94 · first_market_sell 100 wood |
| 21:32 | Halola · age_up castle |
| 22:16 | CTM | Crawly94 · age_up castle |
| 24:09 | Halola · first_building Castle |
| 24:23 | CTM | Crawly94 · first_building Stable |
| 26:28 | Halola · first_building Siege Workshop |
| 30:19 | CTM | Crawly94 · first_building Siege Workshop |
| 30:33 | Halola · wall_segment Stone Wall x5 |
| 30:35 | Halola · wall_segment Stone Wall x3 |
| 30:40 | Halola · wall_segment Stone Wall x6 |
| 31:19 | Halola · wall_segment Stone Wall x10 |
| 31:20 | Halola · wall_segment Stone Wall x5 |
| 31:27 | Halola · wall_segment Stone Wall x14 |
| 31:29 | Halola · wall_segment Stone Wall x5 |
| 32:37 | Halola · first_building Stable |
| 34:25 | Halola · wall_segment Stone Wall x9 |
| 34:31 | Halola · wall_segment Stone Wall x1 |
| 34:31 | Halola · wall_segment Stone Wall x1 |
| 34:40 | Halola · wall_segment Stone Wall x1 |
| 34:46 | Halola · wall_segment Stone Wall x9 |
| 34:47 | Halola · wall_segment Stone Wall x8 |
| 37:15 | CTM | Crawly94 · first_building Castle |
| 40:24 | CTM | Crawly94 · wall_segment Stone Wall x9 |
| 41:46 | CTM | Crawly94 · age_up imperial |
| 41:51 | Halola · age_up imperial |
| 43:06 | Halola · first_market_sell 100 food |
| 44:32 | CTM | Crawly94 · wall_segment Stone Wall x3 |
| 45:54 | CTM | Crawly94 · wall_segment Stone Wall x14 |
| 48:02 | CTM | Crawly94 · wall_segment Stone Wall x1 |
| 48:04 | CTM | Crawly94 · wall_segment Stone Wall x1 |
| 56:20 | CTM | Crawly94 · resign |
[ ANÁLISIS IA · 1 CRÉDITO ]
¿Qué pasó realmente en esta partida?
Wolo.gg analiza cada decisión: build order, eco, micro, errores típicos por bracket. Análisis personalizado por WhatsApp o Discord en 30 segundos.
Guía civ
Etíopes
Perfil
CTM | Crawly94